Get step-by-step instructions on how to execute this build order below. Start the game timer, and the build order will tick by so you can play in parallel with StarCraft on a second screen or mobile device.

Game Time

  0:00

Last Step

  N/A

Next Step

Upcoming Step



Don't want to look back and forth between 2 screens? Try out our Overwolf App, the Spawning Tool Build Advisor to get an in-game overlay with this build!

Complete Build Order

  13  0:07  Drone  
  13  0:10  Drone  
  14  0:18  Overlord  
  14  0:37  Spawning Pool  
  14  0:39  Drone  
  14  1:09  Drone  
  14  1:10  Hatchery  
  14  1:14  Drone  
  14  1:16  Drone  
  16  1:27  Drone  
  17  1:46  Drone  
  18  1:50  Drone  
  18  1:53  Drone  
  20  1:59  Extractor  
  19  2:06  Hatchery  
  18  2:10  Extractor  
  18  2:14  Drone  
  18  2:21  Zergling x2  
  19  2:25  Drone x2  
  21  2:32  Spine Crawler  
  20  2:43  Zergling x4  
  22  3:00  Metabolic Boost  
  22  3:09  Zergling x8  
  22  3:10  Zergling x4  
  26  3:54  Burrow  
  27  4:02  Drone  
  27  4:03  Drone x7  
  33  4:18  Roach Warren  
  33  4:20  Drone  
  33  4:23  Evolution Chamber x2  
  31  4:24  Lair  
  31  4:41  Zergling x6  
  31  4:42  Zergling x4  
  33  4:56  Overlord  
  33  4:57  Overlord x2  
  33  5:22  Roach x5  
  33  5:23  Roach  
  33  5:27  Tunneling Claws  
  45  5:32  Drone  
  45  5:33  Drone  
  44  6:02  Nydus Network  
  43  6:07  Roach x6  
  43  6:11  Overseer  
  55  6:13  Roach  
  55  6:15  Drone  
  58  6:25  Infestation Pit  
  57  7:09  Nydus Canal  
  57  7:11  Overlord  
  57  7:12  Overlord x7  
  57  7:16  Overlord  
  57  7:22  Roach x10  
  54  7:32  Ravager  
  50  7:43  Roach x4  
  46  7:45  Roach x3  
  46  7:46  Roach  
  46  7:49  Nydus Canal  
  42  7:52  Roach  
  36  8:17  Roach x3  
  36  8:18  Roach x3  
  46  8:21  Overseer x2  
  44  8:35  Roach x2  
  30  9:00  Roach x4  
  33  9:10  Drone  
  33  9:11  Drone  
  35  9:32  Roach x4  
  43  9:41  Roach  
  43  9:42  Roach  
  47  9:53  Pneumatized Carapace  
  47  9:54  Drone x3  
  47  9:55  Drone  
  51  10:09  Zerg Melee Weapons Level 1  
  51  10:10  Zerg Missile Weapons Level 1  
  51  10:22  Drone x3  
  54  10:29  Hatchery  
  53  10:37  Drone x5  
  56  11:17  Roach  
  56  11:18  Roach x9  
  54  11:24  Glial Reconstitution  
  54  11:26  Roach  
  54  11:28  Drone  
  54  11:29  Drone x5  
  38  11:51  Roach x3  
  42  12:01  Drone x4, Extractor  
  44  12:02  Extractor  
  44  12:10  Roach x2  
  48  12:23  Spore Crawler  
  48  12:24  Spore Crawler x3  
  48  12:25  Spore Crawler x2  
  48  12:27  Spore Crawler  
  48  12:28  Spore Crawler x2  
  48  12:29  Spore Crawler  
  38  12:30  Roach x3  
  38  12:31  Spore Crawler, Roach x3  
  49  12:37  Drone  
  49  12:38  Drone x2